 Dungeon Crawl Stone Soup version 0.16-a0-3295-gb88e9a2 (webtiles) character file.

38964 myeffort the Covert (level 13, -1/59 HPs)
             Began as a Vine Stalker Chaos Knight on Dec 24, 2014.
             Was a High Priest of Jiyva.
             Slain by a sun demon (7 damage)
             ... led by a balrug
             ... on level 1 of the Abyss.
             The game lasted 01:11:19 (11455 turns).

myeffort the Covert (Vine Stalker Chaos Knight)    Turns: 11455, Time: 01:11:19

Health: -1/59      AC: 29    Str: 10    XL:     13   Next: 22%
Magic:  0/29       EV: 20    Int: 17    God:    Jiyva [*****.]
Gold:   533        SH:  0    Dex: 27    Spells: 0 memorised, 27 levels left

rFire  . . .     SeeInvis .     W - +5 dagger "Fish" {venom, rElec Int+2}
rCold  . . .     Clarity  .     X - +6 swamp dragon armour of Quantum Leap {rPois Str+4} (curse)
rNeg   . . .     SustAb   .     (no shield)
rPois  +         Gourm    .     (helmet restricted)
rElec  +         Spirit   +     x - +0 cloak of Sloth {Int+3 Dex+3}
rCorr  +         Warding  .     f - +0 pair of gloves
rMut   .         Rnd*Tele +     z - +2 pair of boots
MR     .....                    N - amulet of rage
Stlth  ++++++....               M - ring of teleportation
                                s - +6 ring of protection

@: vulnerable, very slightly contaminated, hasted, very quick, not resistant to
hostile enchantments, very stealthy
A: antennae 1, claws 1, fangs 3, iridescent scales 1, molten scales 1, breathe
flames 1, clumsy 1, regeneration 3, weak 1, jelly sensing items, magic shield,
antimagic bite, no device heal 3, rot immunity
a: Request Jelly, Jelly Paralyse, Slimify, Cure Bad Mutation, Renounce Religion,
Breathe Fire, Evoke Berserk Rage, Evoke Teleportation
}: 1/15 runes: slimy


You were on level 1 of the Abyss.
You worshipped Jiyva.
Jiyva was extremely pleased with you.
You were very full.

You visited 4 branches of the dungeon, and saw 25 of its levels.
You visited the Abyss 1 time.
You also visited: Labyrinth and Bailey.

You collected 563 gold pieces.
You spent 30 gold pieces at shops.

Inventory:

Hand weapons
 u - the +6 short sword "Wutemm" {freeze, rPois}
   (You found it on level 6 of the Lair of Beasts)

   It has been specially enchanted to freeze those struck by it, causing extra
   injury to most foes and up to half as much damage over again against
   particularly susceptible opponents.
   It can also slow down cold-blooded creatures.
   It protects you from poison.
 w - the +2 dagger "Klai" {pierce, Str+2}
   (You found it in a labyrinth)

   It inflicts extra damage upon your enemies.
   It affects your strength (+2).
 A - a +4 dagger of electrocution
 U - a +2 dagger of speed
 W - the +5 dagger "Fish" (weapon) {venom, rElec Int+2}
   (You found it on level 6 of the Pits of Slime)

   It poisons the flesh of those it strikes.
   It affects your intelligence (+2).
   It insulates you from electricity.
Missiles
 t - 16 poisoned needles
 J - 3 curare-tipped needles
Armour
 f - a +0 pair of gloves (worn)
 x - the +0 cloak of Sloth (worn) {Int+3 Dex+3}
   (You found it in a labyrinth)

   It affects your intelligence (+3).
   It affects your dexterity (+3).
 z - a +2 pair of boots (worn)
 X - the cursed +6 swamp dragon armour of Quantum Leap (worn) {rPois Str+4}
   (You found it on level 6 of the Pits of Slime)

   It affects your strength (+4).
   It protects you from poison.
   It has a curse placed upon it.
Jewellery
 m - an uncursed ring of flight
 p - an uncursed ring of teleport control
 s - a +6 ring of protection (left hand)
 D - a +3 ring of protection
 G - the amulet of Stoxim {Spirit Slay+5, unknown}
   (You found it on level 6 of the Pits of Slime)

   [amulet of guardian spirit]

   It causes incoming damage to be split between your health and magic.
   It affects your accuracy and damage with ranged weapons and melee attacks
   (+5).
 M - a ring of teleportation (right hand)
 N - an amulet of rage (around neck)
 Y - the amulet of Hixusitu {Faith rF+ MR+}
   (You found it on level 6 of the Lair of Beasts)

   [amulet of faith]

   It allows you to gain divine favour quickly.
   It protects you from fire.
   It affects your resistance to hostile enchantments.
Magical devices
 a - a wand of draining (4)
 q - a wand of flame (9)
 F - a wand of disintegration (13)
 H - a wand of disintegration (7)
 L - a wand of enslavement (10)
 T - a wand of fireball (6)
Scrolls
 e - a scroll of noise
 h - 2 scrolls of enchant armour
 i - 2 scrolls of amnesia
 j - 2 scrolls of identify
 k - a scroll of immolation
 l - 5 scrolls of remove curse
 n - 3 scrolls of enchant weapon
 o - 2 scrolls of fog
Potions
 b - a potion of cure mutation
 r - 3 potions of curing
 E - a potion of restore abilities {unknown}
 O - a potion of cancellation
 R - a potion of brilliance
 V - a potion of resistance
Books
 g - a book of Callings

   Spells                             Type                      Level
   a - Summon Small Mammal            Summoning                    1
   b - Call Imp                       Summoning                    2
   c - Call Canine Familiar           Summoning                    3
   d - Summon Guardian Golem          Hexes/Summoning              4
   e - Summon Lightning Spire         Summoning/Air                4
   f - Summon Ice Beast               Ice/Summoning                4
 v - the Volume of Bewitchment
   (You found it in a labyrinth)

   Spells                             Type                      Level
   a - Corona                         Hexes                        1
   b - Ensorcelled Hibernation        Hexes/Ice                    2
   c - Confuse                        Hexes                        3
   d - Leda's Liquefaction            Hexes/Earth                  4
   e - Enslavement                    Hexes                        4
   f - Summon Guardian Golem          Hexes/Summoning              4
   g - Silence                        Hexes/Air                    5
   h - Mass Confusion                 Hexes                        6
Comestibles
 c - 9 bread rations
 C - 3 meat rations
 I - a slice of pizza


   Skills:
 - Level 2.8 Fighting
 + Level 11.4 Short Blades
 - Level 1.7 Armour
 * Level 10.0 Dodging
 + Level 14.7 Stealth
 - Level 7.7 Spellcasting


You had 27 spell levels left.
You didn't know any spells.

Dungeon Overview and Level Annotations

Branches:
Dungeon (10/15)            Temple (1/1) D:5            Lair (8/8) D:9
 Shoals (0/5) Lair:3       Spider (0/5) Lair:5        Slime (6/6) Lair:8
    Orc (0/4) D:10

Altars:
Ashenzari
Cheibriados
Dithmenos
Elyvilon
Fedhas
Gozag
Kikubaaqudgha
Makhleb
Nemelex Xobeh
Okawaru
Qazlal
Ru
Sif Muna
Trog
Vehumet
Xom
Zin
The Shining One
Jiyva

Shops:
D:4 *   D:9 [

Annotations:
D:3 exclusion: centaur
Lair:3 Maud, Snorg
Lair:4 exclusion: black mamba
Slime:6 Royal Jelly


Innate Abilities, Weirdness & Mutations

You have razor-sharp teeth.
You regenerate.
When hurt, damage is shared between your health and your magic reserves.
Your bite disrupts and absorbs the magic of your enemies.
Potions and wands cannot restore your health.
You are immune to rotting.
You have a pair of small antennae on your head.
You have sharp fingernails.
You are partially covered in iridescent scales (AC +4).
You are partially covered in molten scales (AC +1).
You can breathe flames.
You are clumsy. (Dex -2)
You are weak. (Str -2)
You have a small jelly attached to you that senses nearby items.


Message History

* * * LOW HITPOINT WARNING * * *
The Executioner hits you.
* * * LOW HITPOINT WARNING * * *
The Executioner hits you but does no damage.
The quasit completely misses you.
The quasit claws you but does no damage.
The quasit completely misses you.
An iron imp comes into view.
The Executioner closely misses you. The Executioner completely misses you.
The Executioner hits you but does no damage.
The Executioner misses you.
The Executioner hits you but does no damage.
The Executioner closely misses you. The sun demon closely misses you.
The Executioner hits you.
* * * LOW HITPOINT WARNING * * *
The Executioner misses you. The Executioner barely misses you.
The sun demon hits you!
* * * LOW HITPOINT WARNING * * *
You are engulfed in flames!
You die...

#.###. #.##..
####..#.##
#....#...## .#
##..#.##.#.##...# #
##..#5#.#5#... # #...
.#.4....## .##
##..#..###53#1# #
.... # #..@##
....#..##..#.#.#....#
..
)##.####....####/..
## #. ... ##.###
...#..#..#.# ...
.#.#.#.#..# ... . ##
#....# ## ### #. ####
. ## .... ##....#. #


You could see an Executioner, a sun demon, a red devil, 2 iron imps and a
quasit.

Vanquished Creatures
  Rupert (Lair:3)
  A minotaur (Lab)
  2 hydras
  Erica (Lair:4)
  A golden dragon zombie (Abyss:1)
  A sixfirhy (Abyss:1)
  4 black mambas
  5 spiny frogs
  9 elephants
  A fire drake (Lair:4)
  A polar bear (Lair:4)
  A troll (D:9)
  A small abomination (Abyss:1)
  5 basilisks
  A deep elf mage (D:10)
  A boulder beetle (Lair:4)
  15 blink frogs
  A large abomination (Abyss:1)
  2 wyverns
  2 hippogriffs
  11 yaks
  A spriggan (Lair:5)
  A warg (D:10)
  13 wolves
  8 water moccasins
  A sky beast (D:7)
  7 porcupines
  2 black bears
  8 spiders (Lair:5)
  2 ogres
  2 orc warriors
  2 ice beasts
  2 phantoms
  A centaur (D:6)
  8 giant frogs
  9 crocodiles
  3 worker ants
  A scorpion (D:6)
  3 killer bees (D:10)
  5 wights (D:6)
  7 crimson imps
  5 goliath beetles
  A quasit (D:5)
  A jelly (D:5)
  6 hounds
  3 orc priests
  6 orc wizards
  4 iguanas
  A worker ant zombie (D:5)
  18 adders
  3 gnolls (D:7)
  2 shadow imps
  13 river rats
  A worm (D:4)
  An adder skeleton (D:5)
  7 giant geckos
  12 orcs
  A ball python (shapeshifter) (D:3)
  14 bats
  A bat zombie (D:7)
  7 giant cockroaches
  16 goblins
  8 hobgoblins
  9 jackals
  A jackal (shapeshifter) (D:2)
  An ooze (D:2)
  4 quokkas
  A ball python (D:4)
  A ball python skeleton (D:4)
  A giant gecko zombie (D:6)
  4 giant newts
  2 giant spores
  17 kobolds
  A kobold zombie (D:9)
  10 rats
  2 ballistomycetes (D:7)
  A fungus (Lair:3)
  A plant (Lair:8)
340 creatures vanquished.

Vanquished Creatures (others)
  A slime creature (Slime:6)
  A shadow (D:10)
  The ghost of myeffort the Sneak, an average VSAs (D:3)
  3 yaks
  A porcupine (Lair:7)
  2 ogres
  A centaur (D:6)
  A big kobold (D:8)
  2 giant frogs
  A scorpion (D:7)
  A crimson imp (D:9)
  2 hounds (D:6)
  An orc priest (D:6)
  76 jellies
  An orc wizard (D:10)
  An iguana (D:9)
  A sheep (D:8)
  Ijyb (D:6)
  3 adders
  A shadow imp (D:9)
  An ufetubus (Abyss:1)
  4 orcs
  2 bats
  3 hobgoblins
  2 quokkas
  A giant gecko zombie (D:2)
  A goblin (D:9)
  A jackal zombie (D:8)
  2 kobolds
  A quokka skeleton (D:6)
  A rat (D:7)
  2 butterflies (Lair:6)
  A fungus (Lair:6)
  A plant (Lair:3)
125 creatures vanquished.

Grand Total: 465 creatures vanquished

Notes
Turn   | Place    | Note
--------------------------------------------------------------
     0 | D:1      | myeffort, the Vine Stalker Chaos Knight, began the quest for the Orb.
     0 | D:1      | Reached XP level 1. HP: 11/11 MP: 1/1
     8 | D:1      | XOM: harmless Fire miscast
   171 | D:1      | Reached skill level 1 in Stealth
   171 | D:1      | Reached XP level 2. HP: 16/16 MP: 3/3
   370 | D:1      | Reached skill level 3 in Short Blades
   419 | D:1      | XOM is BORED!
   419 | D:1      | XOM: harmless Hex miscast
   525 | D:1      | XOM: harmless Conj miscast
   646 | D:1      | XOM: noise
   654 | D:1      | Reached XP level 3. HP: 14/19 MP: 2/4
   896 | D:2      | XOM: god gift: 18 silver sling bullets
  1053 | D:2      | Reached XP level 4. HP: 23/23 MP: 5/5
  1162 | D:2      | XOM: 6-stop teleportation journey
  1263 | D:3      | Found a snail-covered altar of Cheibriados.
  1263 | D:3      | Found an iron altar of Okawaru.
  1263 | D:3      | XOM: 4-stop teleportation journey
  1273 | D:3      | XOM: vitrification
  1293 | D:3      | XOM: vitrification
  1308 | D:3      | Found a white marble altar of Elyvilon.
  1311 | D:3      | Found a bloodstained altar of Trog.
  1374 | D:3      | Noticed a centaur
  1427 | D:3      | Noticed myeffort's ghost (average VSAs)
  1429 | D:3      | Gained mutation: You are partially covered in molten scales (AC +1). [mutagenic meat]
  1430 | D:3      | Gained mutation: You are weak. (Str -2) [mutagenic meat]
  1431 | D:3      | Gained mutation: You have a pair of small horns on your head. [mutagenic meat]
  1432 | D:3      | XOM: enchant monster (good)
  1451 | D:3      | XOM: fog
  1458 | D:3      | Banished myeffort's ghost
  1458 | D:3      | Reached skill level 4 in Short Blades
  1458 | D:3      | Reached XP level 5. HP: 28/28 MP: 7/7
  1458 | D:3      | Gained mutation: You heal very quickly. [vine stalker growth]
  1458 | D:3      | Reached XP level 6. HP: 32/32 MP: 8/8
  1563 | D:3      | Found a stormy altar of Qazlal.
  1651 | D:4      | Found a deep blue altar of Sif Muna.
  1693 | D:4      | XOM: colour smoke trail
  1694 | D:4      | Found an opulent altar of Gozag.
  1717 | D:4      | Reached skill level 5 in Stealth
  1767 | D:4      | XOM: mild Hex miscast
  2001 | D:4      | XOM: confuse monster(s)
  2006 | D:4      | Reached skill level 5 in Short Blades
  2192 | D:4      | Found Yple's General Store.
  2197 | D:4      | Bought a scroll of remove curse for 30 gold pieces
  2311 | D:4      | Found a burning altar of Makhleb.
  2311 | D:4      | Found a shimmering altar of Xom.
  2345 | D:5      | Entered Level 5 of the Dungeon
  2432 | D:5      | Reached skill level 6 in Stealth
  2452 | D:5      | XOM: enchant monster (bad)
  2520 | D:5      | Reached XP level 7. HP: 35/35 MP: 9/9
  2561 | D:5      | Found a staircase to the Ecumenical Temple.
  2601 | D:5      | XOM: mild Chrm miscast
  2668 | D:5      | XOM: potion effect (magic)
  2732 | Temple   | Entered the Ecumenical Temple
  2791 | Temple   | Fell from the grace of Xom
  2791 | Temple   | Became a worshipper of Jiyva Jolea the Shapeless
  2830 | D:6      | Reached skill level 7 in Stealth
  2859 | D:6      | Noticed Ijyb
  2903 | D:6      | Gained mutation: You have razor-sharp teeth. [vine stalker growth]
  2903 | D:6      | Reached XP level 8. HP: 39/39 MP: 11/11
  2905 | D:6      | Reached skill level 8 in Stealth
  2926 | D:6      | Acquired Jiyva's first power
  2998 | D:6      | Killed Ijyb
  3104 | D:6      | XOM: 1-stop teleportation journey
  3190 | D:6      | Reached skill level 9 in Stealth
  3194 | D:6      | Acquired Jiyva's second power
  3255 | D:6      | XOM: vitrification
  3507 | D:7      | XOM: mild Divn miscast
  3519 | D:7      | XOM: mild Pois miscast
  3660 | D:7      | XOM: medium Divn miscast
  3674 | D:7      | Found a flagged portal.
  3686 | Bailey   | Entered a bailey
  3692 | Bailey   | Noticed an orc knight
  3913 | D:5      | Reached skill level 10 in Stealth
  3913 | D:5      | Reached XP level 9. HP: 22/43 MP: 6/12
  4384 | D:7      | XOM: medium Tloc miscast
  4629 | D:6      | XOM: medium Chrm miscast
  4741 | D:5      | XOM: noise
  4784 | D:6      | Gained mutation: Your spells are a little harder to cast, but a little more powerful. [Jiyva's grace]
  4934 | D:8      | Got an ichor-stained robe
  4942 | D:8      | XOM: harmless Necr miscast
  4951 | D:8      | Identified the cursed -5 robe of Nuatap {Str+3 Dex+5} (You found it on level 8 of the Dungeon)
  5007 | D:8      | Reached skill level 11 in Stealth
  5033 | D:8      | Acquired Jiyva's third power
  5300 | D:8      | Found a shimmering altar of Xom.
  5300 | D:8      | Found a shimmering altar of Xom.
  5300 | D:8      | Found a shimmering altar of Xom.
  5301 | D:8      | Found a shimmering altar of Xom.
  5301 | D:8      | Found a shimmering altar of Xom.
  5301 | D:8      | Found a shimmering altar of Xom.
  5301 | D:8      | Found a shimmering altar of Xom.
  5517 | D:9      | Reached skill level 1 in Dodging
  5536 | D:9      | Found a staircase to the Lair.
  5584 | D:9      | Reached skill level 1 in Spellcasting
  5724 | D:9      | Reached XP level 10. HP: 25/48 MP: 11/17
  5725 | D:9      | Lost mutation: Your spells are a little harder to cast, but a little more powerful. [Jiyva's grace]
  5787 | D:9      | Acquired Jiyva's fourth power
  5844 | D:9      | Got a polished chain mail
  5889 | D:10     | Entered Level 10 of the Dungeon
  6089 | D:10     | Gained mutation: You have sharp fingernails. [Jiyva's grace]
  6262 | D:10     | Found a staircase to the Orcish Mines.
  6306 | D:10     | XOM: medium Divn miscast
  6401 | D:9      | Reached skill level 12 in Stealth
  6424 | D:9      | Lost mutation: You are weak. (Str -2) [Jiyva's grace]
  6428 | D:9      | Found Cratio Rean's Armour Shop.
  6441 | Lair:1   | Entered Level 1 of the Lair of Beasts
  6595 | Lair:1   | Noticed a six-headed hydra
  7107 | Lair:2   | XOM: medium Fire miscast
  7373 | Lair:3   | Reached skill level 5 in Dodging
  7394 | Lair:3   | Noticed Maud
  7460 | Lair:3   | Noticed Rupert
  7470 | Lair:3   | Killed Rupert
  7470 | Lair:3   | Reached XP level 11. HP: 51/51 MP: 22/24
  7517 | Lair:3   | Reached skill level 10 in Short Blades
  7654 | Lair:3   | XOM: mild Tloc miscast
  7735 | Lair:3   | Reached skill level 5 in Spellcasting
  7741 | Lair:3   | Reached skill level 13 in Stealth
  7750 | Lair:3   | Lost mutation: You have a pair of small horns on your head. [Jiyva's grace]
  7760 | Lair:3   | Noticed Snorg
  7769 | Lair:3   | XOM: confusion
  7806 | Lair:3   | Found a staircase to the Shoals.
  7983 | Lair:4   | Gained mutation: You are agile. (Dex +2) [Jiyva's grace]
  8004 | Lair:4   | XOM: noise
  8227 | Lair:4   | XOM: noise
  8300 | Lair:4   | XOM: noise
  8319 | Lair:4   | Noticed an eight-headed hydra
  8323 | Lair:4   | Killed an eight-headed hydra
  8323 | Lair:4   | Gained mutation: You regenerate. [vine stalker growth]
  8323 | Lair:4   | Reached XP level 12. HP: 56/56 MP: 27/27
  8401 | Lair:4   | Noticed Erica
  8405 | Lair:4   | Killed Erica
  8528 | Lair:5   | Noticed a four-headed hydra
  8604 | Lair:5   | Killed a four-headed hydra
  8739 | Lair:5   | Found a hole to the Spider Nest.
  9033 | Lair:6   | Got a fine platinum amulet
  9036 | Lair:6   | Identified the amulet of Hixusitu {Faith rF+ MR+} (You found it on level 6 of the Lair of Beasts)
  9110 | Lair:6   | Lost mutation: You are agile. (Dex +2) [Jiyva's grace]
  9166 | Lair:6   | Reached skill level 14 in Stealth
  9193 | Lair:6   | Gained mutation: You can breathe flames. [Jiyva's grace]
  9362 | Lair:6   | XOM: mild Divn miscast
  9417 | Lair:6   | Got a shimmering short sword
  9418 | Lair:6   | Identified the +6 short sword "Wutemm" {freeze, rPois} (You found it on level 6 of the Lair of Beasts)
  9501 | Lair:6   | XOM: noise
  9772 | Lair:7   | Found a labyrinth entrance.
  9788 | Lab      | Entered a labyrinth
 10008 | Lab      | XOM: mild Summ miscast
 10210 | Lab      | Noticed a minotaur
 10218 | Lab      | Killed a minotaur
 10224 | Lab      | Identified the Volume of Bewitchment
 10225 | Lab      | Got a pitted dagger
 10225 | Lab      | Got a spiked cloak
 10247 | Lab      | Identified the +0 cloak of Sloth {Int+3 Dex+3} (You found it in a labyrinth)
 10247 | Lab      | Identified the cursed +2 dagger "Klai" {pierce, Str+2} (You found it in a labyrinth)
 10267 | Lair:7   | Noticed a seven-headed hydra
 10317 | Lair:7   | Noticed a death yak
 10319 | Lair:7   | Noticed a death yak
 10319 | Lair:7   | Noticed a death yak
 10403 | Lair:7   | Gained mutation: You are agile. (Dex +2) [Jiyva's grace]
 10443 | Lair:7   | Reached XP level 13. HP: 50/59 MP: 28/29
 10445 | Lair:7   | Noticed a death yak
 10458 | Lair:7   | Gained mutation: Thin tendrils of slime have grown from your body. [Jiyva's grace]
 10577 | Lair:7   | Noticed a death yak
 10577 | Lair:7   | Noticed a death yak
 10577 | Lair:7   | Noticed a death yak
 10577 | Lair:7   | Noticed a death yak
 10655 | Lair:8   | Entered Level 8 of the Lair of Beasts
 10699 | Lair:8   | XOM: noise
 10703 | Lair:8   | Found a staircase to the Slime Pits.
 10771 | Lair:8   | Lost mutation: You are agile. (Dex +2) [Jiyva's grace]
 10792 | Lair:8   | XOM: give mutations
 10792 | Lair:8   | Lost mutation: Thin tendrils of slime have grown from your body. [Xom's mischief]
 10792 | Lair:8   | Gained mutation: You are weak. (Str -2) [Xom's mischief]
 10817 | Slime:1  | Entered Level 1 of the Pits of Slime
 10838 | Slime:3  | Noticed an acid blob
 10847 | Slime:4  | Noticed an acid blob
 10847 | Slime:4  | Noticed an azure jelly
 10852 | Slime:5  | Noticed an acid blob
 10889 | Slime:6  | Entered Level 6 of the Pits of Slime
 10889 | Slime:6  | Noticed an acid blob
 10894 | Slime:6  | Noticed an acid blob
 10897 | Slime:6  | Noticed an azure jelly
 10898 | Slime:6  | Noticed the royal jelly
 10900 | Slime:6  | Found a viscous altar of Jiyva.
 10902 | Slime:6  | Noticed an acid blob
 10903 | Slime:6  | Gained mutation: You have a pair of small antennae on your head. [Jiyva's grace]
 10905 | Slime:6  | Noticed an acid blob
 10906 | Slime:6  | Noticed an acid blob
 10906 | Slime:6  | Noticed an azure jelly
 10908 | Slime:6  | Noticed an acid blob
 10909 | Slime:6  | Got a translucent zirconium amulet
 10910 | Slime:6  | Noticed an acid blob
 10910 | Slime:6  | Gained mutation: You are clumsy. (Dex -2) [Jiyva's grace]
 10915 | Slime:6  | Noticed an acid blob
 10929 | Slime:6  | Got a scorched ring mail
 10935 | Slime:6  | Gained mutation: You have a small jelly attached to you that senses nearby items. [Jiyva's grace]
 10937 | Slime:6  | Got a bloodstained dagger
 10938 | Slime:6  | Identified the +5 dagger "Fish" {venom, rElec Int+2} (You found it on level 6 of the Pits of Slime)
 10944 | Slime:6  | Gained mutation: You are partially covered in iridescent scales (AC +4). [Jiyva's grace]
 10949 | Slime:6  | Got a slimy rune of Zot
 10960 | Slime:6  | Got a translucent swamp dragon armour
 10970 | Slime:6  | Cast into the Abyss (Xom)
 10970 | Abyss:1  | Found a corrupted altar of Lugonu.
 10971 | Abyss:1  | Identified the cursed +6 swamp dragon armour of Quantum Leap {rPois Str+4} (You found it on level 6 of the Pits of Slime)
 11075 | Abyss:1  | XOM: mild Conj miscast
 11075 | Abyss:1  | Was forgiven by Xom
 11085 | Abyss:1  | Noticed an Executioner
 11175 | Abyss:1  | Identified the +4 ring mail of the Louse {+Rage rPois rF+} (You found it on level 6 of the Pits of Slime)
 11303 | Abyss:1  | Noticed a starcursed mass
 11329 | Abyss:1  | Noticed a lich
 11367 | Abyss:1  | Reached skill level 10 in Dodging
 11429 | Abyss:1  | Found a shattered altar of Ashenzari.
 11430 | Abyss:1  | Noticed an Executioner
 11455 | Abyss:1  | Slain by a sun demon

Action                   |  1- 3 |  4- 6 |  7- 9 | 10-12 | 13-15 || total
-------------------------+-------+-------+-------+-------+-------++-------
Melee: Short sword       |    82 |   138 |    59 |   127 |   108 ||   514
       Dagger            |       |     8 |   200 |   471 |    57 ||   736
Invok: Request Jelly     |       |       |     2 |    28 |    17 ||    47
       Jelly Paralyse    |       |       |       |     1 |     5 ||     6
Evoke: Wand              |       |       |     2 |     2 |     7 ||    11
  Use: Potion            |     2 |     4 |     4 |     9 |     1 ||    20
       Scroll            |       |       |     8 |    11 |     5 ||    24
 Stab: Paralysed         |     2 |     2 |     1 |       |       ||     5
       Sleeping          |     3 |     8 |    14 |    34 |       ||    59
       Petrifying        |       |     1 |       |       |       ||     1
       Petrified         |       |       |     1 |       |       ||     1
       Invisible         |       |       |     4 |       |       ||     4
       Distracted        |       |       |       |     2 |     4 ||     6
  Eat: Chunk             |       |     8 |     5 |       |       ||    13
       Beef jerky        |       |       |     1 |       |       ||     1
